[Event "XXVII Actius Vallfogona Open"]
[Site "Vallfogona de Balaguer"]
[Date "2019.09.22"]
[Round "5.3"]
[White "Moskalenko, Viktor"]
[Black "Barbero Sendic, Alejandro"]
[Result "1-0"]
[ECO "E76"]
[WhiteElo "2475"]
[BlackElo "2346"]
[Annotator "ChessBase"]
[PlyCount "83"]
[EventDate "2019.09.22"]
[EventCountry "ESP"]
[SourceTitle "playchess.com"]
[Source "ChessBase"]
[SourceQuality "1"]
[TimeControl "900+5"]

1. d4 Nf6 2. c4 g6 3. Nc3 Bg7 4. e4 d6 5. f4 O-O 6. Nf3 c5 7. d5 e6 8. dxe6 fxe6 9. Bd3 Nc6 10. O-O a6 11. Ng5 Nd4 12. Qe1 Nh5 13. Be3 b5 14. Qd2 Rb8 15. Rab1 Qe7 16. b3 Bb7 17. Ne2 bxc4 18. bxc4 Bc6 19. Ng3 Nf6 20. Qd1 Nd7 21. Qg4 Bf6 22. h4 h6 23. Nf3 Nxf3+ 24. Rxf3 Bxh4 25. Qxg6+ Qg7 26. Qxe6+ Kh8 27. Rxb8 Rxb8 28. Nf5 Qa1+ 29. Kh2 Qf6 30. Qxf6+ Bxf6 31. Nxd6 Rb2 32. Rh3 Bg7 33. Nf5 Nf6 34. Rg3 Nh5 35. Rg4 Rxa2 36. Nxg7 Nxg7 37. Bxc5 Ne6 38. Bd6 Rd2 39. Be5+ Kh7 40. Rg3 Nc5 41. Rg7+ Kh8 42. Bb1 1-0

[Event "XXVII Actius Vallfogona Open"]
[Site "Vallfogona de Balaguer"]
[Date "2019.09.22"]
[Round "5.4"]
[White "Cuartas, Jaime Alexander"]
[Black "Movsziszian, Karen"]
[Result "1-0"]
[ECO "A41"]
[WhiteElo "2523"]
[BlackElo "2475"]
[Annotator "ChessBase"]
[PlyCount "133"]
[EventDate "2019.09.22"]
[EventCountry "ESP"]
[SourceTitle "playchess.com"]
[Source "ChessBase"]
[SourceQuality "1"]
[TimeControl "900+5"]

1. d4 d6 2. Nf3 g6 3. Bf4 Bg7 4. e3 Nd7 5. Bc4 e6 6. c3 Ngf6 7. h3 O-O 8. O-O b6 9. a4 a6 10. Nbd2 Bb7 11. Re1 Qe7 12. Bh2 e5 13. Nf1 Kh8 14. N3d2 e4 15. Be2 Ne8 16. b4 f5 17. Nb3 g5 18. f3 d5 19. f4 h6 20. b5 Nd6 21. Nfd2 Bf6 22. Rf1 Rg8 23. Kh1 Rg7 24. bxa6 Bxa6 25. Bxa6 Rxa6 26. fxg5 Bxg5 27. Qe2 Ra8 28. Bxd6 Qxd6 29. Rxf5 Rag8 30. Nf1 c6 31. a5 bxa5 32. Rxa5 Bd8 33. Ra8 Nb6 34. Ra2 Bc7 35. Qf2 Qg6 36. g4 Nd7 37. Nc1 Rh7 38. Qh4 h5 39. Rxh5 Rxh5 40. Qxh5+ Qxh5 41. gxh5 Nf6 42. Ra6 Nxh5 43. Rxc6 Ng3+ 44. Nxg3 Bxg3 45. Rf6 Be1 46. Ne2 Bd2 47. Rh6+ Kg7 48. Rd6 Bxe3 49. Rxd5 Kf6 50. Re5 Bd2 51. Rxe4 Rc8 52. Kg2 Bxc3 53. h4 Bd2 54. Kf3 Ra8 55. h5 Rf8 56. Re5 Rg8 57. Ng3 Bb4 58. Ne4+ Kf7 59. d5 Ra8 60. Rf5+ Kg7 61. d6 Rd8 62. Rf6 Rd7 63. h6+ Kh7 64. Kg4 Rd8 65. Kf5 Ba3 66. Ng5+ Kh8 67. Nf7+ 1-0

[Event "XXVII Actius Vallfogona Open"]
[Site "Vallfogona de Balaguer"]
[Date "2019.09.22"]
[Round "5.5"]
[White "Pena Morales, Hugo"]
[Black "Perez Mitjans, Orelvis"]
[Result "0-1"]
[ECO "B43"]
[WhiteElo "2203"]
[BlackElo "2409"]
[Annotator "NA"]
[PlyCount "62"]
[EventDate "2019.09.22"]
[EventCountry "ESP"]
[SourceTitle "playchess.com"]
[Source "ChessBase"]
[SourceQuality "1"]
[TimeControl "900+5"]

1. e4 c5 2. Nf3 e6 3. d4 cxd4 4. Nxd4 a6 5. Nc3 Qc7 6. g3 Bb4 7. Nde2 Nf6 8. Bg2 O-O 9. O-O d6 10. h3 Bc5 11. Kh2 Nc6 12. Bf4 Ne5 13. g4 b5 14. Bg3 Bb7 15. f4 Nc4 16. Qd3 Nxb2 17. Qf3 Nc4 18. g5 Nd2 19. Qd3 Nxf1+ 20. Rxf1 Nh5 21. f5 b4 22. Na4 exf5 23. Nxc5 Nxg3 24. Nxg3 Qxc5 25. Nxf5 Qe5+ 26. Kh1 Rad8 27. Rd1 Rfe8 28. Ng3 Qxg5 29. Rg1 d5 30. Qb3 dxe4 31. a3 Bd5 0-1

[Event "XXVII Actius Vallfogona Open"]
[Site "Vallfogona de Balaguer"]
[Date "2019.09.22"]
[Round "5.6"]
[White "Sosa, Tomas"]
[Black "Albets Armengol, Roland"]
[Result "1-0"]
[ECO "B06"]
[WhiteElo "2524"]
[BlackElo "2201"]
[Annotator "ChessBase"]
[PlyCount "55"]
[EventDate "2019.09.22"]
[EventCountry "ESP"]
[SourceTitle "playchess.com"]
[Source "ChessBase"]
[SourceQuality "1"]
[TimeControl "900+5"]

1. e4 g6 2. d4 Bg7 3. Nc3 d6 4. Be2 a6 5. a4 b6 6. Be3 Bb7 7. h4 h5 8. Nh3 Nf6 9. Ng5 O-O 10. g4 hxg4 11. Bxg4 Nxg4 12. Qxg4 Nd7 13. h5 Nf6 14. Qf3 gxh5 15. Rxh5 Qd7 16. Rh4 b5 17. O-O-O b4 18. Nd5 Bxd5 19. exd5 Qxa4 20. Ne4 Qa1+ 21. Kd2 Qxb2 22. Rg1 Nxe4+ 23. Qxe4 Qc3+ 24. Ke2 Qc4+ 25. Kf3 f5 26. Qe6+ Rf7 27. Rxg7+ Kxg7 28. Qh6+ 1-0

[Event "XXVII Actius Vallfogona Open"]
[Site "Vallfogona de Balaguer"]
[Date "2019.09.22"]
[Round "5.7"]
[White "Oliva Castaneda, Kevel"]
[Black "Masague Artero, Guerau"]
[Result "1-0"]
[ECO "D00"]
[WhiteElo "2470"]
[BlackElo "2265"]
[Annotator "ChessBase"]
[PlyCount "65"]
[EventDate "2019.09.22"]
[EventCountry "ESP"]
[SourceTitle "playchess.com"]
[Source "ChessBase"]
[SourceQuality "1"]
[TimeControl "900+5"]

1. d4 Nf6 2. Bg5 d5 3. e3 c6 4. Bd3 Bg4 5. Ne2 Nbd7 6. f3 Bh5 7. Nf4 Bg6 8. Nxg6 hxg6 9. Nd2 e5 10. c3 Bd6 11. Qe2 Qc7 12. O-O-O O-O-O 13. Kb1 Rde8 14. Qf2 Nh7 15. Bh4 f5 16. dxe5 Nxe5 17. Bc2 Nd7 18. Bg3 Bxg3 19. hxg3 Nhf6 20. Rhe1 Qb6 21. g4 f4 22. Nf1 Ne5 23. Rd4 Nc4 24. Bxg6 Rh1 25. Rxc4 fxe3 26. Qe2 dxc4 27. Bxe8 Nxe8 28. Qxc4 Nf6 29. Qe6+ Kb8 30. Qe5+ Kc8 31. c4 Nd7 32. Qe8+ Kc7 33. Rd1 1-0

[Event "XXVII Actius Vallfogona Open"]
[Site "Vallfogona de Balaguer"]
[Date "2019.09.22"]
[Round "5.8"]
[White "Sole Pijuan, Ferran"]
[Black "Panelo, Marcelo"]
[Result "0-1"]
[ECO "E51"]
[WhiteElo "2135"]
[BlackElo "2360"]
[Annotator "NA"]
[PlyCount "67"]
[EventDate "2019.09.22"]
[EventCountry "ESP"]
[SourceTitle "playchess.com"]
[Source "ChessBase"]
[SourceQuality "1"]
[TimeControl "900+5"]

1. d4 Nf6 2. c4 e6 3. Nc3 Bb4 4. e3 O-O 5. Nf3 d5 6. Bd2 c5 7. a3 Bxc3 8. Bxc3 Ne4 9. Qc2 Nxc3 10. Qxc3 cxd4 11. Nxd4 e5 12. Nf3 d4 13. Qd2 Nc6 14. exd4 exd4 15. Be2 Bf5 16. O-O-O Qf6 17. Bd3 Rad8 18. Rde1 Bxd3 19. Qxd3 Rfe8 20. Kb1 a5 21. Re4 Rxe4 22. Qxe4 h6 23. Rd1 Qd6 24. h3 Qc5 25. Qd3 a4 26. Re1 Na5 27. Nd2 Qg5 28. g3 Qf6 29. f4 Qc6 30. h4 Qg2 31. Ka2 Qf2 32. Re2 Qg1 33. Ne4 Nb3 34. Nd2 0-1

[Event "XXVII Actius Vallfogona Open"]
[Site "Vallfogona de Balaguer"]
[Date "2019.09.22"]
[Round "5.9"]
[White "Cruz, Jonathan"]
[Black "Ribera Pane, Jaume"]
[Result "1-0"]
[ECO "B02"]
[WhiteElo "2409"]
[BlackElo "2074"]
[Annotator "NA"]
[PlyCount "71"]
[EventDate "2019.09.22"]
[EventCountry "ESP"]
[SourceTitle "playchess.com"]
[Source "ChessBase"]
[SourceQuality "1"]
[TimeControl "900+5"]

1. e4 Nf6 2. Nc3 d5 3. exd5 Nxd5 4. Bc4 c6 5. Qf3 e6 6. Nge2 Nd7 7. d4 Qf6 8. Qh3 N7b6 9. Bd3 Nxc3 10. bxc3 g6 11. Bf4 Nd7 12. Qe3 h6 13. Ng3 g5 14. Nh5 Qe7 15. Be5 f6 16. Bc7 Qf7 17. Ng3 Nb6 18. Bxb6 axb6 19. h4 Bd6 20. hxg5 fxg5 21. Ne4 Bf4 22. Qe2 Bd7 23. g3 Bc7 24. Nxg5 Qg8 25. Qh5+ Ke7 26. Ne4 Qf7 27. Qh4+ Kf8 28. O-O Ra5 29. Rae1 Rh5 30. Qf6 Rg8 31. Re3 Rf5 32. Qxh6+ Ke8 33. Bc4 Rg6 34. Qh8+ Rg8 35. Qh4 Bd8 36. Nd6+ {Bc7 Qh6+ Kd8 Ne4 Ke8} 1-0

[Event "XXVII Actius Vallfogona Open"]
[Site "Vallfogona de Balaguer"]
[Date "2019.09.22"]
[Round "5.10"]
[White "Trepat Herranz, Joan"]
[Black "Quintas Galeano, Lluis"]
[Result "1/2-1/2"]
[ECO "B07"]
[WhiteElo "2395"]
[BlackElo "2085"]
[Annotator "NA"]
[PlyCount "86"]
[EventDate "2019.09.22"]
[EventCountry "ESP"]
[SourceTitle "playchess.com"]
[Source "ChessBase"]
[SourceQuality "1"]
[TimeControl "900+5"]

1. d4 d6 2. e4 Nf6 3. Nc3 c6 4. Be3 e5 5. Nf3 Nbd7 6. a4 Be7 7. h3 O-O 8. a5 exd4 9. Bxd4 Re8 10. Bd3 Nc5 11. O-O Nxd3 12. Qxd3 Nd7 13. Rfe1 Bf6 14. Bxf6 Qxf6 15. Rad1 Ne5 16. Nxe5 dxe5 17. Na4 Be6 18. Qe3 g5 19. Nc5 Bc8 20. Rd3 Kh8 21. Red1 g4 22. hxg4 Bxg4 23. f3 Be6 24. Rd6 Rad8 25. Nxb7 Rxd6 26. Nxd6 Rg8 27. Rd2 Bh3 28. c4 Bxg2 29. Nxf7+ Qxf7 30. Rxg2 Qxc4 31. Rxg8+ Qxg8+ 32. Kf2 Qc4 33. Qxa7 Qc2+ 34. Kg3 Qxb2 35. a6 Qc3 36. Qb8+ Kg7 37. Qb7+ Kg6 38. Kg4 h5+ 39. Kh4 Qe1+ 40. Kh3 Qh1+ 41. Kg3 Qg1+ 42. Kh3 Qh1+ 43. Kg3 Qg1+ {Qa7} 1/2-1/2

[Event "XXVII Actius Vallfogona Open"]
[Site "Vallfogona de Balaguer"]
[Date "2019.09.22"]
[Round "6.2"]
[White "Henriquez Villagra, Cristobal"]
[Black "Moskalenko, Viktor"]
[Result "1/2-1/2"]
[ECO "A07"]
[WhiteElo "2587"]
[BlackElo "2475"]
[Annotator "ChessBase"]
[PlyCount "95"]
[EventDate "2019.09.22"]
[EventCountry "ESP"]
[SourceTitle "playchess.com"]
[Source "ChessBase"]
[SourceQuality "1"]
[TimeControl "900+5"]

1. Nf3 d5 2. g3 Nf6 3. Bg2 c6 4. O-O Bf5 5. b3 h6 6. Bb2 Nbd7 7. d3 e6 8. Nbd2 Be7 9. Ne5 Nxe5 10. Bxe5 O-O 11. e4 Bh7 12. Qe2 dxe4 13. dxe4 Nd7 14. Bb2 Bf6 15. c3 Qc7 16. Nc4 Rfd8 17. Ne3 Be7 18. Ng4 Nf6 19. c4 Nxg4 20. Qxg4 e5 21. f4 Bc5+ 22. Kh1 Bd4 23. Rab1 Bxb2 24. Rxb2 f6 25. Qe6+ Kh8 26. fxe5 Qxe5 27. Qxe5 fxe5 28. Rbf2 Bg6 29. Kg1 Rd4 30. c5 a5 31. Rf8+ Rxf8 32. Rxf8+ Kh7 33. Rb8 Rd1+ 34. Kf2 Rd2+ 35. Kg1 Rxa2 36. Rxb7 Rc2 37. h4 h5 38. b4 axb4 39. Rxb4 Rxc5 40. Bf3 Rc3 41. Kf2 Rc2+ 42. Ke3 Rc3+ 43. Kf2 Rc2+ 44. Ke3 Rc3+ 45. Kf2 Kg8 46. Rb7 Rc2+ 47. Ke3 Rc3+ 48. Kf2 1/2-1/2

[Event "XXVII Actius Vallfogona Open"]
[Site "Vallfogona de Balaguer"]
[Date "2019.09.22"]
[Round "6.3"]
[White "Perez Mitjans, Orelvis"]
[Black "Cruz, Filemon"]
[Result "1/2-1/2"]
[ECO "C04"]
[WhiteElo "2409"]
[BlackElo "2320"]
[Annotator "NA"]
[PlyCount "43"]
[EventDate "2019.09.22"]
[EventCountry "ESP"]
[SourceTitle "playchess.com"]
[Source "ChessBase"]
[SourceQuality "1"]
[TimeControl "900+5"]

1. e4 e6 2. d4 d5 3. Nd2 Nf6 4. e5 Nfd7 5. Ngf3 Nc6 6. Bb5 f6 7. exf6 Qxf6 8. Nb3 Bd6 9. O-O O-O 10. c4 dxc4 11. Bxc4 Nb6 12. Bd3 e5 13. Bg5 Qf7 14. Be3 Bf5 15. Bxf5 Qxf5 16. dxe5 Nxe5 17. Nfd4 Qg6 18. h3 Rad8 19. Qe2 Rfe8 20. Nb5 Nec4 21. Nxd6 Rxd6 22. Qf3 1/2-1/2

[Event "XXVII Actius Vallfogona Open"]
[Site "Vallfogona de Balaguer"]
[Date "2019.09.22"]
[Round "6.7"]
[White "Esplugas Esteve, Vicenc"]
[Black "Cruz, Jonathan"]
[Result "0-1"]
[ECO "D87"]
[WhiteElo "2372"]
[BlackElo "2409"]
[Annotator "NA"]
[PlyCount "82"]
[EventDate "2019.09.22"]
[EventCountry "ESP"]
[SourceTitle "playchess.com"]
[Source "ChessBase"]
[SourceQuality "1"]
[TimeControl "900+5"]

1. d4 Nf6 2. c4 g6 3. Nc3 d5 4. cxd5 Nxd5 5. e4 Nxc3 6. bxc3 Bg7 7. Bc4 c5 8. Ne2 O-O 9. O-O Nc6 10. Be3 Qc7 11. Rc1 b6 12. Bb5 Bb7 13. Bxc6 Qxc6 14. d5 Qd7 15. c4 e6 16. Qd2 Rae8 17. Bh6 Bxh6 18. Qxh6 exd5 19. Ng3 dxe4 20. Rfd1 Qe6 21. Rc3 Rd8 22. Re1 Qe5 23. Rce3 f5 24. f3 f4 25. Rxe4 Bxe4 26. Nxe4 Qh5 27. Qxh5 gxh5 28. a4 Rd4 29. Rc1 Rfd8 30. Kf2 Rd1 31. Rc2 Ra1 32. Nf6+ Kf7 33. Nd5 Rxa4 34. Nxf4 Rd4 35. Nxh5 Raxc4 36. Re2 Rd5 37. g4 Rcd4 38. Kg3 c4 39. Nf4 Rd6 40. Re3 b5 41. g5 b4 0-1

[Event "XXVII Actius Vallfogona Open"]
[Site "Vallfogona de Balaguer"]
[Date "2019.09.22"]
[Round "7.1"]
[White "Sosa, Tomas"]
[Black "Munoz, Miguel"]
[Result "1-0"]
[ECO "B01"]
[WhiteElo "2524"]
[BlackElo "2519"]
[Annotator "ChessBase"]
[PlyCount "78"]
[EventDate "2019.09.22"]
[EventCountry "ESP"]
[SourceTitle "playchess.com"]
[Source "ChessBase"]
[SourceQuality "1"]
[TimeControl "900+5"]

1. e4 d5 2. exd5 Qxd5 3. Nc3 Qa5 4. d4 Nf6 5. Bc4 Bg4 6. f3 Bd7 7. Nge2 e6 8. Bd2 Qb6 9. Be3 c5 10. Qd2 cxd4 11. Bxd4 Bc5 12. O-O-O Bxd4 13. Nxd4 O-O 14. g4 Rc8 15. Bb3 Na6 16. g5 Ne8 17. h4 Nc5 18. h5 Nxb3+ 19. Nxb3 Rc7 20. g6 h6 21. gxf7+ Kxf7 22. Ne4 Bc6 23. Rhg1 Rac8 24. c3 Bd5 25. Rg6 Kf8 26. Nd4 Bxa2 27. Qf4+ Rf7 28. Qe5 Qc7 29. Qxc7 Rcxc7 30. b3 e5 31. Ne6+ Kg8 32. Nxc7 Nxc7 33. Kb2 Bxb3 34. Kxb3 Kh7 35. Rgd6 Rxf3 36. Rd7 Ne6 37. Kc2 Rf4 38. Re7 Nf8 39. Rg1 Kg8 1-0

[Event "XXVII Actius Vallfogona Open"]
[Site "Vallfogona de Balaguer"]
[Date "2019.09.22"]
[Round "7.2"]
[White "Cuartas, Jaime Alexander"]
[Black "Henriquez Villagra, Cristobal"]
[Result "0-1"]
[ECO "B10"]
[WhiteElo "2523"]
[BlackElo "2587"]
[Annotator "ChessBase"]
[PlyCount "80"]
[EventDate "2019.09.22"]
[EventCountry "ESP"]
[SourceTitle "playchess.com"]
[Source "ChessBase"]
[SourceQuality "1"]
[TimeControl "900+5"]

1. e4 c6 2. d3 d5 3. Nd2 e5 4. Ngf3 Bd6 5. d4 exd4 6. exd5 cxd5 7. Bb5+ Nc6 8. Nxd4 Nge7 9. O-O O-O 10. N2f3 Bg4 11. Be2 h6 12. Be3 Rc8 13. c3 Bb8 14. Re1 Re8 15. Qd2 Qd6 16. g3 Qf6 17. Nxc6 Nxc6 18. Nd4 Bxe2 19. Rxe2 Ne5 20. Rae1 Nc4 21. Qc2 Re4 22. Bc1 Rxe2 23. Qxe2 Be5 24. Nf3 Bc7 25. Kg2 Bb6 26. Bf4 Qf5 27. h4 Rc6 28. Qe8+ Kh7 29. Re7 Rf6 30. b3 Nd6 31. Qd7 Qc2 32. Nd4 Bxd4 33. cxd4 Ne4 34. Qxd5 Qxf2+ 35. Kh3 Qf1+ 36. Kh2 Qe2+ 37. Kh3 Rxf4 38. gxf4 Qf3+ 39. Kh2 Qg3+ 40. Kh1 Nf2# 0-1

[Event "XXVII Actius Vallfogona Open"]
[Site "Vallfogona de Balaguer"]
[Date "2019.09.22"]
[Round "7.7"]
[White "Trepat Herranz, Joan"]
[Black "Vidarte Morales, Arturo"]
[Result "1-0"]
[ECO "B42"]
[WhiteElo "2395"]
[BlackElo "2332"]
[Annotator "NA"]
[PlyCount "99"]
[EventDate "2019.09.22"]
[EventCountry "ESP"]
[SourceTitle "playchess.com"]
[Source "ChessBase"]
[SourceQuality "1"]
[TimeControl "900+5"]

1. e4 c5 2. Nf3 e6 3. d4 cxd4 4. Nxd4 a6 5. Bd3 Bc5 6. Nb3 Be7 7. O-O d6 8. Qe2 Nd7 9. f4 Qc7 10. Be3 Ngf6 11. N1d2 b6 12. a4 Nc5 13. Nxc5 bxc5 14. a5 O-O 15. b3 Bb7 16. Bf2 Nd7 17. Bg3 Bf6 18. Ra4 g6 19. h4 Bg7 20. h5 f5 21. exf5 exf5 22. hxg6 hxg6 23. Qe6+ Rf7 24. Qxg6 Qc6 25. Nf3 d5 26. Bxf5 Nf8 27. Qg4 Qf6 28. Bd3 Bc8 29. Qg5 Ne6 30. Qxd5 Bb7 31. Qe5 Bxf3 32. Qxf6 Bxf6 33. Rxf3 Nd4 34. Bc4 Nxf3+ 35. gxf3 Rd8 36. Bf2 Kg7 37. Bxf7 Kxf7 38. Bxc5 Rd1+ 39. Kf2 Rd2+ 40. Ke3 Rxc2 41. Rc4 Rb2 42. b4 Ke6 43. Bd4 Bxd4+ 44. Kxd4 Kd6 45. Ke4 Re2+ 46. Kf5 Re3 47. Rd4+ Kc6 48. Kg4 Re1 49. f5 Rg1+ 50. Kf4 {Kd5 Ke4+} 1-0

[Event "XXVII Actius Vallfogona Open"]
[Site "Vallfogona de Balaguer"]
[Date "2019.09.22"]
[Round "7.9"]
[White "Pena Morales, Hugo"]
[Black "Gonzalez Rodriguez, Jorge A."]
[Result "1-0"]
[ECO "C14"]
[WhiteElo "2203"]
[BlackElo "2263"]
[Annotator "NA"]
[PlyCount "102"]
[EventDate "2019.09.22"]
[EventCountry "ESP"]
[SourceTitle "playchess.com"]
[Source "ChessBase"]
[SourceQuality "1"]
[TimeControl "900+5"]

1. e4 e6 2. d4 d5 3. Nc3 Nf6 4. Bg5 Be7 5. exd5 Nxd5 6. Bxe7 Nxe7 7. Nf3 O-O 8. Bd3 Nd7 9. Qd2 c5 10. O-O-O cxd4 11. Nxd4 Nf6 12. Nf3 Qa5 13. Qg5 Qxg5+ 14. Nxg5 Nc6 15. Nge4 Rd8 16. Nxf6+ gxf6 17. Be4 Bd7 18. Rd6 Be8 19. Rhd1 Rxd6 20. Rxd6 f5 21. Bf3 Kf8 22. Bxc6 Bxc6 23. g3 Ke7 24. Rd4 Kf6 25. b4 e5 26. Rh4 Kg6 27. Rc4 h5 28. b5 Bf3 29. Kd2 a6 30. a4 axb5 31. axb5 Ra3 32. Ra4 Rxa4 33. Nxa4 Kf6 34. Ke3 Bd1 35. Nc5 Bxc2 36. Nxb7 Ke6 37. b6 f6 38. Nc5+ Kd6 39. b7 Kc7 40. Nd7 Kxb7 41. Nxf6 Kc6 42. f4 e4 43. Nxh5 Kd6 44. Ng7 Kd7 45. Nh5 Bd1 46. Nf6+ Kc6 47. Nh5 Bg4 48. Ng7 Kd6 49. Kd4 Ke7 50. Ne8 {Kf6 Nc7} Ke6 {Nd5 Bh3 Ne3 Bg4} 51. h3 Be2 1-0

[Event "XXVII Actius Vallfogona Open"]
[Site "Vallfogona de Balaguer"]
[Date "2019.09.22"]
[Round "8.1"]
[White "Perez Mitjans, Orelvis"]
[Black "Sosa, Tomas"]
[Result "1/2-1/2"]
[ECO "C72"]
[WhiteElo "2409"]
[BlackElo "2524"]
[Annotator "ChessBase"]
[PlyCount "60"]
[EventDate "2019.09.22"]
[EventCountry "ESP"]
[SourceTitle "playchess.com"]
[Source "ChessBase"]
[SourceQuality "1"]
[TimeControl "900+5"]

1. e4 e5 2. Nf3 Nc6 3. Bb5 a6 4. Ba4 d6 5. O-O Bd7 6. c4 g6 7. d4 exd4 8. Bg5 f6 9. Bf4 Bg7 10. Bxc6 bxc6 11. Nxd4 c5 12. Ne2 Ne7 13. Nbc3 O-O 14. Qd2 Rf7 15. Rad1 Qf8 16. Bg3 Bh6 17. Bf4 Bg7 18. Bg3 Bh6 19. f4 Be6 20. b3 f5 21. Bh4 Re8 22. Nd5 Nxd5 23. exd5 Bc8 24. Kh1 Bg7 25. Ng1 Re4 26. Nf3 h6 27. Rde1 Kh7 28. Qc1 Qh8 29. Nd2 Rxe1 30. Rxe1 Bf6 1/2-1/2

[Event "XXVII Actius Vallfogona Open"]
[Site "Vallfogona de Balaguer"]
[Date "2019.09.22"]
[Round "8.4"]
[White "Movsziszian, Karen"]
[Black "Moskalenko, Viktor"]
[Result "0-1"]
[ECO "A37"]
[WhiteElo "2475"]
[BlackElo "2475"]
[Annotator "ChessBase"]
[PlyCount "91"]
[EventDate "2019.09.22"]
[EventCountry "ESP"]
[SourceTitle "playchess.com"]
[Source "ChessBase"]
[SourceQuality "1"]
[TimeControl "900+5"]

1. g3 g6 2. Bg2 Bg7 3. d3 e5 4. c4 Ne7 5. Nc3 d6 6. Nf3 c5 7. O-O Nbc6 8. a3 a5 9. Rb1 h6 10. Ne1 Be6 11. Nd5 O-O 12. Nc2 Rb8 13. b4 axb4 14. axb4 Bxd5 15. cxd5 Nxb4 16. Nxb4 cxb4 17. Rxb4 b5 18. Bd2 Qd7 19. Qb3 Rb7 20. Ra1 Rfb8 21. e4 Nc8 22. Be3 f5 23. Bh3 Kh8 24. f3 Qf7 25. Bf2 h5 26. Ra5 Rc7 27. Rbxb5 Rxb5 28. Rxb5 Bh6 29. Rb8 Kh7 30. Kg2 Bg5 31. Qa4 Rc3 32. Qa6 fxe4 33. Rxc8 Rxc8 34. Qxc8 Qxf3+ 35. Kg1 e3 36. Qc2 exf2+ 37. Kf1 Qh1+ 38. Kxf2 Qxh2+ 39. Bg2 h4 40. gxh4 Bxh4+ 41. Kf1 Qf4+ 42. Kg1 Qe3+ 43. Kh1 Qe1+ 44. Kh2 Bg3+ 45. Kh3 Bf4 46. Bf1 0-1

[Event "XXVII Actius Vallfogona Open"]
[Site "Vallfogona de Balaguer"]
[Date "2019.09.22"]
[Round "8.6"]
[White "Martin Duque, Jesus"]
[Black "Pena Morales, Hugo"]
[Result "1-0"]
[ECO "B51"]
[WhiteElo "2373"]
[BlackElo "2203"]
[Annotator "NA"]
[PlyCount "65"]
[EventDate "2019.09.22"]
[EventCountry "ESP"]
[SourceTitle "playchess.com"]
[Source "ChessBase"]
[SourceQuality "1"]
[TimeControl "900+5"]

1. e4 c5 2. Nf3 d6 3. Bb5+ Nc6 4. O-O Bd7 5. Re1 a6 6. Bf1 Bg4 7. c3 e6 8. h3 Bh5 9. d3 Be7 10. Nbd2 Nf6 11. a3 O-O 12. g4 Bg6 13. Nh4 Nd7 14. Nxg6 hxg6 15. f4 g5 16. f5 exf5 17. gxf5 Nde5 18. Nf3 Nxf3+ 19. Qxf3 Bf6 20. Kh1 Re8 21. Be2 Ne5 22. Qg2 d5 23. d4 cxd4 24. cxd4 dxe4 25. dxe5 Rxe5 26. Be3 Rxf5 27. Rf1 Rxf1+ 28. Rxf1 Qd5 29. h4 Bxb2 30. Bh5 Bf6 31. hxg5 Rf8 32. Rxf6 Qd1+ 33. Bxd1 1-0

[Event "XXVII Actius Vallfogona Open"]
[Site "Vallfogona de Balaguer"]
[Date "2019.09.22"]
[Round "8.7"]
[White "Martinez Lopez, Ivan"]
[Black "Cuartas, Jaime Alexander"]
[Result "1/2-1/2"]
[ECO "A11"]
[WhiteElo "2194"]
[BlackElo "2523"]
[Annotator "ChessBase"]
[PlyCount "155"]
[EventDate "2019.09.22"]
[EventCountry "ESP"]
[SourceTitle "playchess.com"]
[Source "ChessBase"]
[SourceQuality "1"]
[TimeControl "900+5"]

1. Nf3 d5 2. c4 c6 3. g3 Nf6 4. Bg2 Bg4 5. Qb3 Qb6 6. Qc2 e6 7. O-O Nbd7 8. b3 Bc5 9. Bb2 O-O 10. Nc3 Qd8 11. d4 Bd6 12. e4 dxe4 13. Nxe4 Nxe4 14. Qxe4 Nf6 15. Qe3 Bxf3 16. Bxf3 Re8 17. Rfe1 a5 18. a3 Bf8 19. Rad1 Qb6 20. Rd2 h6 21. Bd1 Rad8 22. Bc2 c5 23. Red1 a4 24. b4 cxb4 25. Bxa4 bxa3 26. Bxe8 axb2 27. Bb5 Ng4 28. Qf4 h5 29. Rxb2 e5 30. Qf3 Rxd4 31. Rxd4 exd4 32. h3 Nf6 33. Re2 g6 34. Kg2 Kg7 35. Be8 Qd8 36. Bb5 b6 37. Bc6 Bb4 38. Bd5 Qd6 39. g4 hxg4 40. hxg4 d3 41. Qxd3 Nxg4 42. Qd4+ Nf6 43. Qe5 Qd7 44. Re3 Bd6 45. Qc3 Qg4+ 46. Kf1 Bc5 47. Rf3 Bd4 48. Qd3 Be5 49. Qe3 Qd4 50. Qxd4 Bxd4 51. Ra3 Ne8 52. Ke2 Bc5 53. Ra8 Nd6 54. f4 b5 55. cxb5 Nxb5 56. Kd3 Nd6 57. Ra5 Bb4 58. Ra4 Bc5 59. Ke2 Nf5 60. Rc4 Bd6 61. Kf3 Ne7 62. Be4 f5 63. Bc2 Kf6 64. Bb3 g5 65. fxg5+ Kxg5 66. Rd4 Be5 67. Rd7 Ng6 68. Rd5 Kf6 69. Bc2 Nh4+ 70. Kf2 f4 71. Be4 Ke6 72. Rd1 Kf6 73. Rh1 Bd4+ 74. Ke2 Kg5 75. Rxh4 Kxh4 76. Kf3 Kg5 77. Bd5 Be3 78. Be4 1/2-1/2

[Event "XXVII Actius Vallfogona Open"]
[Site "Vallfogona de Balaguer"]
[Date "2019.09.22"]
[Round "8.8"]
[White "Masague Artero, Guerau"]
[Black "Cruz, Filemon"]
[Result "1/2-1/2"]
[ECO "E16"]
[WhiteElo "2265"]
[BlackElo "2320"]
[Annotator "NA"]
[PlyCount "34"]
[EventDate "2019.09.22"]
[EventCountry "ESP"]
[SourceTitle "playchess.com"]
[Source "ChessBase"]
[SourceQuality "1"]
[TimeControl "900+5"]

1. Nf3 Nf6 2. g3 b6 3. Bg2 Bb7 4. d4 e6 5. O-O c5 6. dxc5 Bxc5 7. c4 O-O 8. Nc3 a6 9. Bf4 d5 10. Ne5 h6 11. Qc2 Qe7 12. cxd5 Nxd5 13. Nxd5 exd5 14. Nd3 Nc6 15. Rfe1 Nd4 16. Qd2 Ne6 17. a3 Bc8 1/2-1/2

[Event "XXVII Actius Vallfogona Open"]
[Site "Vallfogona de Balaguer"]
[Date "2019.09.22"]
[Round "8.10"]
[White "Esplugas Esteve, Vicenc"]
[Black "Velez Romero, Juan Luis"]
[Result "0-1"]
[ECO "A56"]
[WhiteElo "2372"]
[BlackElo "2040"]
[Annotator "NA"]
[PlyCount "62"]
[EventDate "2019.09.22"]
[EventCountry "ESP"]
[SourceTitle "playchess.com"]
[Source "ChessBase"]
[SourceQuality "1"]
[TimeControl "900+5"]

1. d4 c5 2. d5 Nf6 3. c4 e5 4. Nc3 d6 5. e4 Be7 6. Bd3 Nbd7 7. Nge2 Nf8 8. h4 h5 9. f3 Ng6 10. g3 a6 11. a3 Bd7 12. b4 b6 13. Rb1 Rb8 14. Bd2 O-O 15. Kf2 Qc7 16. Qc2 b5 17. bxc5 bxc4 18. c6 cxd3 19. Qxd3 Bc8 20. Rxb8 Qxb8 21. Rb1 Qc7 22. Na4 Bd8 23. Nb6 Ne8 24. Kg2 f5 25. Nc4 fxe4 26. fxe4 Qf7 27. Qe3 Bg4 28. Bb4 Qf3+ 29. Qxf3 Bxf3+ 30. Kh2 Bxe4 31. Nc3 Bxb1 0-1

[Event "XXVII Actius Vallfogona Open"]
[Site "Vallfogona de Balaguer"]
[Date "2019.09.22"]
[Round "9"]
[White "Munoz, Miguel"]
[Black "Trepat Herranz, Joan"]
[Result "1-0"]
[ECO "C22"]
[WhiteElo "2519"]
[BlackElo "2395"]
[Annotator "ChessBase"]
[PlyCount "92"]
[EventDate "2019.09.22"]
[EventCountry "ESP"]
[SourceTitle "playchess.com"]
[Source "ChessBase"]
[SourceQuality "1"]
[TimeControl "900+5"]

1. e4 e5 2. d4 exd4 3. Qxd4 Nc6 4. Qe3 g6 5. Nc3 Bg7 6. b3 Nge7 7. Bb2 O-O 8. O-O-O Re8 9. Kb1 d6 10. h4 h5 11. Nf3 Bg4 12. Bc4 a6 13. Qf4 Rf8 14. Ng5 Ne5 15. Be2 Bxe2 16. Nxe2 N7c6 17. f3 Qd7 18. Qg3 f6 19. Nh3 Qf7 20. Nhf4 a5 21. Qh3 a4 22. g4 hxg4 23. fxg4 axb3 24. axb3 Nb4 25. Nd4 Rfe8 26. h5 g5 27. h6 Bh8 28. h7+ Kf8 29. Nf5 Reb8 30. Nd5 Nxd5 31. exd5 Ra5 32. Nh6 Qg6 33. Qg2 Rba8 34. Nf5 Qe8 35. Nd4 Ke7 36. Qe4 Qf7 37. c4 Kd7 38. Qf5+ Ke7 39. Rde1 Kf8 40. Ne6+ Ke8 41. Rh6 b5 42. c5 b4 43. Rd1 c6 44. cxd6 Qa7 45. Nc7+ Kd8 46. Nxa8 Qf7 1-0